Map: [ESL] Cosmic Sapphire

Players

Bunny - Winner!

  • Race: Terran Terran
  • Spawn Location: 5:00

PappiJoe

  • Race: Protoss Protoss
  • Spawn Location: 11:00

Event: DreamHack SC2 Masters 2022 Valencia

VOD

Have the link to the VOD?

Description

Time

  • Played on: July 1, 2022, 9:02 a.m.
  • Length: 15:18

All games in this series

Show
View Real Time Build Order
Export as new Build Order

Bunny Terran - Winner!

Build Orders: Reaper Expand 

Get SALT Encoding   

  12  0:00  SCV  
  13  0:12  SCV  
  14  0:16  Supply Depot  
  14  0:24  SCV  
  15  0:38  SCV  
  15  0:39  Barracks  
  15  0:42  Refinery  
  16  0:50  SCV  
  17  1:02  SCV  
  18  1:14  SCV  
  19  1:27  Orbital Command, Reaper  
  20  1:40  Command Center  
  20  1:51  Supply Depot  
  20  1:52  SCV  
  21  1:58  Marine  
  22  2:04  SCV  
  23  2:08  Factory  
  23  2:14  Refinery  
  23  2:17  SCV  
  23  2:19  Barracks Reactor  
  24  2:29  SCV  
  25  2:41  SCV  
  25  2:42  Bunker  
  26  2:51  Orbital Command  
  26  2:53  Hellion, SCV  
  26  2:56  Starport  
  29  3:00  Marine  
  29  3:01  Marine  
  32  3:05  SCV  
  32  3:14  Widow Mine  
  32  3:17  SCV  
  32  3:18  SCV, Marine  
  32  3:19  Marine  
  38  3:26  Supply Depot  
  38  3:30  SCV x2  
  38  3:32  Medivac  
  42  3:35  Widow Mine  
  42  3:39  Marine  
  42  3:40  Marine  
  46  3:47  SCV x2  
  48  3:53  Barracks  
  48  4:00  Marine  
  48  4:01  Marine  
  48  4:02  SCV x2  
  50  4:10  Factory Tech Lab, Starport Tech Lab  
  50  4:14  Barracks  
  49  4:18  SCV x2, Marine x2  
  49  4:19  Engineering Bay  
  49  4:21  Refinery, Supply Depot  
  53  4:33  SCV  
  54  4:39  Supply Depot  
  54  4:42  Raven, Marine x2, Factory Reactor  
  54  4:43  SCV  
  60  4:45  SCV  
  60  4:46  Supply Depot  
  60  4:48  Terran Infantry Weapons Level 1  
  60  4:49  Stimpack  
  60  4:50  Marine  
  61  5:03  Marine x2  
  61  5:05  Barracks Tech Lab, SCV  
  61  5:06  SCV  
  61  5:11  Refinery, Marine  
  60  5:15  Supply Depot  
  60  5:18  SCV x2  
  60  5:21  Marine x2  
  63  5:23  Marine, Combat Shield  
  65  5:29  Marine, Supply Depot  
  65  5:32  Siege Tank, Supply Depot  
  65  5:34  SCV x2  
  71  5:38  Marine  
  71  5:39  Marine  
  71  5:40  Medivac  
  71  5:41  Medivac, Marine  
  78  5:46  Supply Depot  
  78  5:47  Marine  
  78  5:48  SCV x2  
  81  5:52  Supply Depot  
  81  5:56  Marine x2  
  83  5:59  Marauder  
  85  6:04  Siege Tank  
  85  6:06  Supply Depot  
  85  6:09  Marauder  
  85  6:10  Medivac  
  92  6:14  Marine x2  
  92  6:15  SCV x2  
  92  6:17  Supply Depot  
  96  6:23  Marauder  
  98  6:29  Concussive Shells  
  98  6:30  Marauder  
  98  6:32  Marine x2  
  102  6:40  Siege Tank  
  102  6:42  Terran Infantry Armor Level 1, Command Center  
  104  6:51  Marauder  
  104  6:52  Marine x2, Marauder  
  110  6:56  Medivac  
  112  7:12  Marauder  
  112  7:13  Marine x2, Marauder  
  110  7:18  Barracks  
  110  7:19  Siege Tank  
  110  7:20  Barracks  
  105  7:24  Viking  
  105  7:26  Viking  
  109  7:32  Marine x2  
  109  7:33  Marauder  
  109  7:34  Marauder  
  109  7:36  SCV x2  
  117  7:42  Supply Depot x2  
  116  7:50  Marine x2  
  104  7:53  Siege Tank  
  104  7:55  Marauder  
  104  7:56  Marauder  
  104  7:57  Viking  
  100  8:10  Viking  
  100  8:11  Marine x2  
  103  8:13  Barracks Tech Lab, Barracks Reactor  
  103  8:16  Marauder  
  103  8:17  SCV x2, Marauder  
  108  8:25  Siege Tank  
  111  8:29  Marine  
  112  8:34  Marauder  
  112  8:38  Orbital Command, Marauder x2  
  112  8:39  Armory  
  118  8:44  Marine  
  118  8:46  SCV  
  118  8:47  SCV, Marine  
  104  8:57  Marauder  
  104  8:59  Marauder  
  104  9:00  Marine x2, Marauder  
  101  9:04  Siege Tank  
  101  9:09  SCV x2  
  99  9:10  Viking x2  
  99  9:15  Marine x2  
  101  9:18  Marauder  
  101  9:20  Marine x2  
  101  9:22  Marauder  
  101  9:23  Marauder  
  104  9:32  Terran Infantry Weapons Level 2  
  104  9:33  Marine x2  
  104  9:36  Refinery x2  
  104  9:38  Marine x2  
  108  9:40  Marauder  
  108  9:43  Marauder  
  108  9:44  Marine  
  113  9:46  Siege Tank  
  113  9:50  Marine  
  113  9:51  Marine  
  118  9:55  Marine  
  118  9:56  Marine  
  110  10:01  Marauder  
  110  10:02  Marauder  
  110  10:04  Marauder  
  110  10:05  Medivac  
  110  10:08  Marine x2  
  110  10:12  SCV x3  
  110  10:13  Marine x2  
  117  10:16  Supply Depot  
  117  10:18  Siege Tank  
  120  10:22  Marauder  
  120  10:24  Marauder  
  120  10:26  Marine x2, Marauder  
  120  10:27  Ghost Academy  
  128  10:31  Marine x2  
  117  10:43  Medivac x2  
  117  10:44  Marine x2, Marauder  
  117  10:45  Marauder  
  117  10:47  Marauder  
  129  10:50  Siege Tank  
  129  10:53  Missile Turret, Marine x2  
  129  10:54  Sensor Tower  
  129  10:55  SCV x2  
  136  11:02  Marine x2  
  138  11:04  Ghost  
  138  11:09  Ghost  
  135  11:16  Marine x2  
  137  11:19  Marine  
  137  11:20  Marine  
  137  11:21  Ghost  
  141  11:26  SCV x3  
  141  11:29  Supply Depot  
  141  11:30  Supply Depot  
  144  11:34  Ghost  
  144  11:36  Marine  
  144  11:37  Ghost  
  149  11:42  Siege Tank  
  152  11:51  Marauder  
  152  11:53  Marine x2  
  142  12:03  Marauder  
  142  12:06  Ghost  
  125  12:10  Viking x2  
  125  12:11  Ghost  
  125  12:14  Marine x4  
  113  12:30  Marauder  
  113  12:31  Marine  
  113  12:32  Marine  
  113  12:35  Marauder  
  113  12:36  Marine  
  120  12:39  Terran Infantry Armor Level 2  
  120  12:40  Medivac  
  120  12:41  Marauder  
  121  12:44  Medivac  
  121  12:46  Marine  
  124  12:53  Marine x2  
  126  13:04  Command Center  
  126  13:10  Viking  
  126  13:11  Marine x2, Marauder x2  
  134  13:13  Marine x2  
  134  13:25  Viking  
  119  13:29  Marauder  
  119  13:32  Marine x2, Marauder  
  119  13:33  Marine  
  126  13:37  Marauder  
  126  13:40  Viking  
  113  13:55  Viking  
  113  13:56  Marauder x2  
  113  13:58  Marine x3  
  113  14:00  Marine  
  120  14:09  Marauder  
  121  14:10  Viking  
  121  14:16  Marine x3  
  128  14:17  Marauder  
  129  14:24  Missile Turret  
  129  14:28  Missile Turret  
  129  14:31  Marine, Missile Turret, Marauder  
  131  14:35  Planetary Fortress  
  128  14:46  SCV x3  
  128  14:59  Marine x2  
  125  15:00  Marine  
Show
View Real Time Build Order
Export as new Build Order

PappiJoe Protoss 

Build Orders: 1 Gate Expand, Phoenix Opening, Colossus Rush 

Get SALT Encoding   

  12  0:00  Probe  
  13  0:12  Probe  
  14  0:20  Pylon  
  14  0:24  Probe  
  15  0:30  Assimilator  
  15  0:38  Probe (Chrono Boost)  
  16  0:43  Gateway  
  16  0:48  Probe (Chrono Boost)  
  17  0:53  Probe (Chrono Boost)  
  18  1:05  Probe  
  19  1:17  Probe  
  20  1:21  Nexus  
  20  1:32  Cybernetics Core  
  20  1:34  Probe  
  20  1:39  Assimilator  
  21  1:46  Probe  
  22  1:49  Pylon  
  22  1:58  Probe  
  23  2:06  Stalker (Chrono Boost), Probe  
  25  2:08  Warp Gate  
  25  2:14  Probe  
  25  2:15  Shield Battery  
  27  2:26  Probe (Chrono Boost)  
  27  2:28  Sentry  
  30  2:33  Probe (Chrono Boost)  
  32  2:42  Probe (Chrono Boost)  
  32  2:43  Probe (Chrono Boost)  
  33  2:48  Probe x2 (Chrono Boost)  
  35  2:52  Gateway  
  35  2:55  Gateway  
  37  2:58  Sentry  
  37  3:00  Probe  
  37  3:03  Probe  
  39  3:07  Robotics Facility  
  40  3:13  Probe (Chrono Boost)  
  40  3:15  Probe (Chrono Boost)  
  43  3:27  Pylon, Probe (Chrono Boost)  
  43  3:30  Probe (Chrono Boost)  
  43  3:35  Nexus  
  43  3:36  Probe  
  43  3:39  Pylon, Probe  
  43  3:40  Phoenix  
  45  3:48  Probe  
  45  3:49  Assimilator  
  45  3:51  Probe, Assimilator  
  45  3:55  Observer  
  47  4:00  Probe  
  47  4:03  Probe  
  47  4:12  Probe, Robotics Bay  
  47  4:15  Probe  
  48  4:22  Observer  
  48  4:24  Probe  
  48  4:27  Probe  
  48  4:30  Pylon  
  48  4:31  Stalker x3  
  56  4:36  Probe  
  57  4:39  Probe, Immortal (Chrono Boost)  
  62  4:47  Probe  
  62  4:49  Probe  
  62  4:51  Probe  
  62  5:01  Probe  
  62  5:02  Probe  
  62  5:04  Probe  
  62  5:05  Observer  
  65  5:13  Probe  
  66  5:14  Probe  
  66  5:15  Shield Battery  
  66  5:19  Probe  
  66  5:21  Colossus (Chrono Boost)  
  74  5:22  Pylon  
  74  5:25  Probe  
  74  5:26  Probe  
  76  5:31  Probe, Twilight Council, Forge  
  77  5:37  Probe  
  77  5:39  Probe  
  79  5:43  Extended Thermal Lance  
  79  5:44  Probe  
  79  5:46  Pylon  
  79  5:49  Probe  
  81  5:51  Probe  
  81  5:53  Pylon  
  81  5:55  Pylon  
  81  5:56  Probe  
  83  6:01  Probe  
  83  6:03  Probe  
  91  6:04  Colossus (Chrono Boost)  
  91  6:07  Charge (Chrono Boost)  
  91  6:08  Assimilator  
  91  6:10  Protoss Ground Weapons Level 1, Probe  
  91  6:11  Assimilator  
  92  6:18  Pylon  
  92  6:23  Gateway x2  
  92  6:27  Probe, Gateway  
  93  6:39  Probe  
  94  6:40  Pylon  
  94  6:41  Sentry  
  94  6:43  Zealot x2  
  94  6:46  Pylon  
  100  6:48  Colossus (Chrono Boost)  
  100  6:51  Gateway  
  100  6:53  Gateway  
  103  6:54  Probe x3  
  106  7:04  Zealot x3  
  110  7:08  Probe x2  
  108  7:17  Zealot x2  
  102  7:23  Assimilator  
  102  7:26  Zealot  
  102  7:27  Templar Archives, Gateway, Zealot x2  
  102  7:29  Gateway  
  105  7:31  Zealot  
  107  7:37  Zealot  
  107  7:38  Zealot  
  107  7:43  Blink  
  107  7:45  Zealot  
  107  7:47  Zealot  
  107  7:48  Zealot x3  
  97  7:54  Zealot  
  87  7:59  Zealot x2  
  83  8:06  Zealot  
  83  8:08  Zealot x4  
  87  8:16  High Templar  
  89  8:21  High Templar x3  
  89  8:24  High Templar  
  89  8:26  Nexus  
  97  8:29  Archon, High Templar x2  
  97  8:30  Archon  
  101  8:34  Archon, Warp Prism (Chrono Boost)  
  101  8:35  High Templar, Zealot  
  101  8:36  Stalker  
  101  8:40  Archon  
  109  8:44  Protoss Ground Armor Level 1 (Chrono Boost)  
  109  8:49  Zealot  
  109  8:55  Zealot x3  
  97  8:58  Zealot x2  
  97  9:03  Zealot x3  
  97  9:07  Stalker  
  87  9:14  Stalker  
  87  9:16  Zealot x3  
  87  9:22  High Templar x2  
  87  9:26  Archon  
  87  9:28  Probe x2, Assimilator  
  87  9:29  High Templar x2  
  93  9:35  Archon  
  93  9:37  Zealot x4  
  101  9:41  Pylon  
  101  9:45  High Templar  
  101  9:46  High Templar  
  101  9:50  Archon  
  105  9:59  Pylon  
  101  10:01  Zealot x3  
  101  10:02  Zealot x4  
  105  10:09  Zealot  
  105  10:11  Immortal (Chrono Boost)  
  111  10:22  High Templar x2, Zealot  
  111  10:23  Zealot x4  
  111  10:27  Archon  
  125  10:29  Zealot x3  
  129  10:45  Stalker x5  
  135  10:57  Zealot x2  
  135  11:01  Pylon  
  135  11:02  Observer (Chrono Boost)  
  135  11:03  Pylon  
  140  11:05  Pylon  
  140  11:08  Zealot x3  
  140  11:09  Zealot x5  
  132  11:17  Protoss Ground Armor Level 2 (Chrono Boost)  
  132  11:18  Probe x3  
  135  11:27  High Templar x2  
  135  11:30  Zealot x3  
  145  11:33  Zealot x4  
  145  11:34  Archon  
  145  11:36  High Templar  
  155  11:50  High Templar  
  155  11:52  High Templar x2  
  155  11:53  Zealot  
  163  11:55  Archon  
  163  11:59  Archon  
  143  12:02  Zealot x4  
  143  12:03  Zealot  
  143  12:07  Colossus (Chrono Boost)  
  119  12:10  Zealot  
  115  12:19  Zealot  
  115  12:20  Pylon  
  115  12:23  Zealot x5  
  115  12:24  Zealot x2  
  79  12:31  Zealot x9  
  79  12:36  Assimilator  
  95  12:40  Assimilator  
  95  12:42  Dark Shrine  
  95  12:46  Shield Battery  
  95  12:49  Colossus (Chrono Boost)  
  95  12:52  High Templar x2  
  95  12:53  Stalker x3  
  95  12:54  Zealot x2  
  95  12:56  Archon  
  115  13:11  Zealot x3  
  119  13:22  Zealot x5  
  119  13:26  Colossus (Chrono Boost)  
  119  13:27  Zealot x2  
  106  13:35  Zealot x3  
  112  13:44  Zealot x5  
  112  13:47  Zealot x2  
  100  13:55  Zealot x2  
  100  13:56  Zealot  
  106  14:04  Robotics Facility  
  106  14:06  Dark Templar x2  
  106  14:07  Dark Templar x2  
  108  14:17  Probe x2  
  108  14:19  Immortal  
  108  14:21  High Templar  
  108  14:22  High Templar  
  108  14:23  Zealot x2  
  118  14:26  Dark Templar  
  118  14:29  Archon  
  118  14:40  Pylon  
  118  14:47  Dark Templar  
  118  14:50  Nexus  
  118  14:58  Nexus  
  104  15:02  Stalker  
  104  15:04  High Templar  
  104  15:05  High Templar  
  99  15:11  High Templar  
  99  15:12  Archon  
  99  15:13  Zealot  

Tags
 
Add a new tag
Caveats
  • Supply blocks, unpowered buildings, or Contaminate may cause inaccurate times.
  • Supply counts are checked every 10 seconds.